 Dungeon Crawl Stone Soup version 0.31-a0-986-g5e6e4ef867 (webtiles) character file.

Game seed: 14556727817639525728

23 Lobster4 the Shooter (level 2, -3/24 (25) HPs)
             Began as a Minotaur Hunter on Nov 16, 2023.
             Killed from afar by Natasha (7 damage)
             ... with a magic dart
             ... on level 2 of the Dungeon.
             The game lasted 00:01:47 (1129 turns).

Lobster4 the Shooter (Minotaur Hunter)              Turns: 1129, Time: 00:01:48

HP:   -3/24 (25)    AC:  3    Str: 15    XL:     2   Next: 75%
MP:   1/1           EV: 12    Int:  6    God:
Gold: 75            SH:  0    Dex: 13    Spells: 1/1 levels left

rFire   . . .        a - +0 shortbow
rCold   . . .        (shield currently unavailable)
rNeg    . . .        c - +0 leather armour
rPois   .            (helmet restricted)
rElec   .            (no cloak)
rCorr   .            (no gloves)
SInv    .            (no boots)
Will    +....        (no amulet)
Stlth   +            g - ring of willpower
HPRegen 0.24/turn    (no ring)
MPRegen 0.07/turn

%: no passive effects
@: attractive, lightly drained
A: horns 2, retaliatory headbutt
a: no special abilities


You were on level 2 of the Dungeon.
You visited 1 branch of the dungeon, and saw 2 of its levels.

You collected 75 gold pieces.

Inventory:

Hand Weapons
 a - a +0 shortbow (weapon)
 b - a +2 dagger of draining
 d - a +0 dagger
Missiles
 f - 15 stones
 j - 6 javelins
Armour
 c - a +0 leather armour (worn)
 e - a +0 ring mail
Magical Staves
 m - a staff of earth
Jewellery
 g - a ring of willpower (left hand)
 n - a ring of protection from cold
Scrolls
 h - 3 scrolls of identify {unknown}
 l - a scroll of butterflies
 o - a scroll of vulnerability {unknown}
 q - a scroll of fear {unknown}
Potions
 k - a potion of lignification {unknown}
 p - a potion of mutation {unknown}


   Skills:
 + Level 2.8 Fighting
 * Level 4.8 Ranged Weapons
 + Level 1.0 Armour
 + Level 2.5 Dodging
 - Level 1.0 Stealth


You had one spell level left.
You didn't know any spells.
Your spell library contained the following spells:

 Spells                   Type           Power      Damage    Failure   Level
 Freeze                   Ice            0%         1d3       52%         1
 Frozen Ramparts          Ice            0%         1d1       88%         3
 Hailstorm                Conj/Ice       0%         3d3       88%         3


Dungeon Overview and Level Annotations

Branches:
Dungeon (2/15)

Altars:

Annotations:
D:2 Natasha


Innate Abilities, Weirdness & Mutations

You have a pair of horns on your head.
You reflexively headbutt those who attack you in melee.


Message History

You shoot an arrow. The arrow closely misses the rat.
You shoot an arrow.
The arrow hits the rat but does no damage.
The rat is heavily wounded.
You shoot an arrow. The arrow hits the rat.
You kill the rat!
No target in view!
Natasha, Servant of Life and Death comes into view.
Natasha hisses angrily.
You shoot an arrow.
The arrow hits Natasha but does no damage.
You shoot an arrow. The arrow closely misses Natasha.
You shoot an arrow. The arrow barely misses Natasha.
Natasha casts a spell.
You shoot an arrow.
The arrow hits Natasha but does no damage.
You shoot an arrow. The arrow hits Natasha.
Natasha is moderately wounded.
Natasha closely misses you.
The cerulean imp hits you from afar with a +2 spear.
You shoot an arrow. The arrow barely misses Natasha.
The arrow hits the cerulean imp but does no damage.
Natasha misses you.
The cerulean imp hits you from afar with a +2 spear.
You shoot an arrow.
The arrow hits Natasha but does no damage.
Natasha is moderately wounded.
Natasha claws you.
The cerulean imp hits you from afar with a +2 spear.
* * * LOW HITPOINT WARNING * * *
Natasha claws you.
* * * LOW HITPOINT WARNING * * *
You are too injured to fight recklessly!
It was a potion of attraction.
You feel attractive to monsters. The cerulean imp misses you.
Natasha stares at you and mumbles some strange words.
The magic dart hits you!
You die...
Natasha curls up and begins to purr.

#.......#
#.......#....#...##..
##.......#....#...#..
#####...##....#..... .#
#...# .........# .#
#...# #.......#
.####...# #....5$.#
...##...####....h.######
........'..+....@.......
........####.....#######
..รท##...# ##.....#
......### #......#
.......####......##
...#.................
...#..#..##.#########
...#.###.##.#
...#.........


You could see Natasha and a cerulean imp (summoned).

Vanquished Creatures
  A worm (D:2)
  An endoplasm (D:1)
  A giant cockroach (D:2)
  A goblin (D:1)
  3 hobgoblins (D:1)
  2 jackals (D:1)
  2 kobolds (D:1)
  2 quokkas (D:2)
  3 ball pythons
  2 rats (D:2)
18 creatures vanquished.

Notes
Turn   | Place    | Note
-------+----------+-------------------------------------------
     0 | D:1      | Lobster4 the Minotaur Hunter began the quest for the Orb.
     0 | D:1      | Reached XP level 1. HP: 18/18 MP: 0/0
   361 | D:1      | Reached skill level 1 in Stealth
   361 | D:1      | Reached XP level 2. HP: 25/25 MP: 1/1
   938 | D:2      | Reached skill level 1 in Armour
  1121 | D:2      | Noticed Natasha
  1129 | D:2      | Killed from afar by Natasha

Illustrated notes

Levels and vault maps discovered:
D:1:      roadster_arrival_rocket_small, layout_loops_ring,
          minmay_misc_feat_cross, chequers_serial_rivers_marsh
D:2:      layout_basic, dreamdust_princess_bridge, nrook_loot_triangle,
          uniq_natasha

Skill      XL: |  1  2 |
---------------+-------+-----
Stealth        | 1 |  1.0
Armour         | 1 |  1.0
Fighting       | |  2.8
Ranged Weapons | |  4.8
Dodging        | |  2.5

Action                     || total
---------------------------++-------
   Fire: Shortbow          ||    72
    Use: Potion            ||     1
 Armour: Leather armour    ||    17
  Dodge: Dodged            ||    11

Table legend: (Time is in decaauts)
 A = Elapsed time spent in this place.
 B = Non-inter-level travel time spent in this place.
 C = Inter-level travel time spent in this place.
 D = Time resting spent in this place.
 E = Time spent auto-exploring this place.
 F = Levels seen in this place.
 G = Mean time per level.
                   A        B        C        D        E       F      G
               +--------+--------+--------+--------+--------+-----+--------+
         Total |   1145 |   1057 |     88 |      0 |    912 |   2 |  572.5 |
       Dungeon |   1145 |   1057 |     88 |      0 |    912 |   2 |  572.5 |
               +--------+--------+--------+--------+--------+-----+--------+

Top non-repeatable levels by time:
     D:1: 749 daAuts
     D:2: 395 daAuts
